AoeStats
← jalouis79

Black Forest

510655525Analyzed
4v4 RM · 1d ago on Oct 2, 2026· 45m 7s· 8 players
Game mode
Random Map
Map size
Large (8 player)
Population
200
Speed
Normal
Resources
Standard
Victory
Conquest
Starting age
Dark Age
Ending age
Imperial Age
RankedLock teamsTeams togetherTeam positionsShared explorationLock speedFull tech treeHidden civsTurbo modeCheats
Victory
Defeat
🇩🇪 Britons · Germany
1073
+16
🇨🇦 Turks · Canada
1068
+16
🇳🇱 Franks · Netherlands
1064
+17
🇨🇦 Byzantines · Canada
1045
+17
🇺🇸 Bohemians · United States
1129
-19
🇺🇸 Italians · United States
1110
-18
🇲🇽 Jurchens · Mexico
1045
-15
🇦🇷 Chinese · Argentina
1016
-14
HardstyleHunter
6:02 Loom
13:25 Feudal Age
14:36 Double-Bit Axe
17:26 Castle Age
16:03 Wheelbarrow
18:39 Bow Saw
18:41 Gold Mining
19:59 Wheelbarrow
24:58 Gold Mining
25:37 Hand Cart
27:34 Herbal Medicine
31:47 Imperial Age
30:38 Caravan
30:56 Scale Barding Armor
31:01 Forging
30:57 Husbandry
32:58 Cavalier
34:22 Conscription
34:05 Chivalry
34:30 Paladin
35:43 Chain Barding Armor
37:07 Iron Casting
37:07 Plate Barding Armor
38:48 Blast Furnace
LordWhile
1:59 Loom
3:17 Loom
12:18 Feudal Age
17:00 Castle Age
15:33 Double-Bit Axe
15:35 Horse Collar
16:27 Gold Mining
17:10 Stone Mining
18:47 Bow Saw
21:30 Wheelbarrow
25:31 Gold Shaft Mining
31:04 Imperial Age
28:35 Gambesons
29:12 Forging
29:03 Scale Mail Armor
32:14 Capped Ram
33:18 Conscription
33:10 Elite Varangian Guard
34:05 Husbandry
33:26 Cavalier
34:38 Chain Mail Armor
35:28 Siege Ram
37:50 Plate Mail Armor
39:51 Two-Man Saw
39:00 Arson
39:16 Squires
38:57 Paladin
40:15 Elite Skirmisher
42:26 Caravan
43:47 Padded Archer Armor
43:38 Fletching
43:53 Scale Barding Armor
Hrakiir
0:39 Loom
11:42 Feudal Age
15:57 Castle Age
13:54 Double-Bit Axe
13:54 Horse Collar
18:00 Bow Saw
18:14 Stone Mining
20:51 Heavy Plow
26:19 Fletching
27:11 Wheelbarrow
26:25 Town Watch
26:44 Gold Mining
27:45 Yeomen
28:49 Gold Shaft Mining
28:30 Bodkin Arrow
30:09 Padded Archer Armor
30:59 Ballistics
30:53 Masonry
30:56 Fortified Wall
34:39 Imperial Age
32:25 Hand Cart
32:11 Town Patrol
32:42 Leather Archer Armor
34:03 Treadmill Crane
34:21 Murder Holes
36:13 Conscription
35:55 Warwolf
36:48 Bracer
37:19 Ring Archer Armor
37:52 Chemistry
36:59 Siege Engineers
37:26 Architecture
38:28 Elite Longbowman
43:56 Hoardings
jalouis79
2:26 Loom
14:15 Feudal Age
14:42 Double-Bit Axe
18:30 Wheelbarrow
21:08 Castle Age
19:17 Gold Mining
19:55 Stone Mining
19:56 Fishing Lines
20:52 Horse Collar
22:41 Gillnets
24:45 Bow Saw
26:27 Heavy Plow
27:23 Caravan
31:50 Imperial Age
29:52 Padded Archer Armor
34:06 Conscription
34:33 Artillery
34:58 Ballistics
34:56 Leather Archer Armor
37:09 Elite Janissary
39:10 Gold Shaft Mining
40:51 Fletching
41:32 Ring Archer Armor
41:25 Scale Barding Armor
42:45 Treadmill Crane
43:47 Masonry
43:49 Forging
SwedenBirdieSkaggs236
1:19 Loom
14:43 Feudal Age
15:20 Double-Bit Axe
15:15 Horse Collar
18:05 Fishing Lines
21:46 Castle Age
22:30 Gillnets
25:48 Wheelbarrow
28:16 Hand Cart
29:31 Heavy Plow
29:42 Bow Saw
29:24 Gold Mining
29:25 Stone Mining
31:39 Masonry
31:09 Treadmill Crane
31:50 Ballistics
31:41 Fortified Wall
31:26 Murder Holes
31:26 Fletching
31:37 Padded Archer Armor
33:32 Arson
33:48 Squires
33:09 Pikeman
35:24 Thumb Ring
36:00 Elite Skirmisher
36:40 Bodkin Arrow
37:01 Leather Archer Armor
36:56 Forging
36:47 Scale Mail Armor
41:25 Imperial Age
39:34 Iron Casting
39:14 Chain Mail Armor
43:37 Conscription
42:38 Elite Genoese Crossbowman
43:23 Bracer
43:53 Ring Archer Armor
44:24 Blast Furnace
43:55 Plate Mail Armor
44:29 Chemistry
43:59 Architecture
44:02 Crop Rotation
44:33 Two-Man Saw
Lord Sting
0:46 Loom
14:39 Feudal Age
15:12 Double-Bit Axe
18:57 Wheelbarrow
21:46 Castle Age
28:41 Imperial Age
28:27 Chemistry
28:45 Bow Saw
28:58 Fishing Lines
32:06 Houfnice
36:01 Ballistics
Stephen Ocka
0:28 Loom
12:42 Feudal Age
13:27 Double-Bit Axe
13:24 Horse Collar
19:14 Castle Age
18:55 Stone Mining
19:00 Gold Mining
20:33 Caravan
28:22 Bloodlines
29:19 Scale Barding Armor
29:38 Fortified Wall
31:30 Bow Saw
34:53 Imperial Age
32:12 Town Watch
32:42 Masonry
33:01 Squires
33:41 Heavy Plow
33:46 Heavy Plow
33:40 Treadmill Crane
34:42 Chain Barding Armor
35:43 Wheelbarrow
35:23 Husbandry
35:35 Forging
36:11 Conscription
35:54 Fortified Bastions
35:53 Elite Steppe Lancer
38:06 Architecture
38:10 Light Cavalry
40:42 Plate Barding Armor
40:42 Iron Casting
40:46 Hoardings
SillyFern495909
0:34 Loom
11:59 Feudal Age
17:40 Castle Age
20:12 Double-Bit Axe
23:07 Wheelbarrow
23:12 Horse Collar
25:06 Hand Cart
26:05 Heavy Plow
26:53 Bow Saw
27:39 Gold Mining
27:40 Stone Mining
27:45 Town Watch
30:59 Imperial Age
29:08 Ballistics
29:16 Fletching
29:27 Padded Archer Armor
29:46 Thumb Ring
30:18 Masonry
30:50 Bodkin Arrow
31:10 Leather Archer Armor
31:53 Bracer
32:43 Gold Shaft Mining
32:43 Stone Shaft Mining
33:53 Chemistry
33:07 Caravan
33:52 Ring Archer Armor
35:22 Two-Man Saw
34:53 Elite Chu Ko Nu
38:20 Conscription
39:34 Heavy Rocket Cart
Connection lost

Rejoining the realm…

Still unreachable

The connection could not be restored.

Session expired

The server has moved on; the page needs a fresh start.